 Dungeon Crawl Stone Soup version 0.31-a0-187-gba352fbbf7 (webtiles) character file.

Game seed: 2339930945729001076

249 qw the Skirmisher (level 5, -1/30 HPs)
             Began as a Deep Elf Hunter on June 22, 2023.
             Slain by a gnoll
             ... wielding a +1 vampiric halberd
              (5 damage)
             ... on level 3 of the Dungeon.
             The game lasted 00:00:43 (2085 turns).

qw the Skirmisher (Deep Elf Hunter)                 Turns: 2085, Time: 00:00:44

Health: -1/30      AC:  6    Str: 10    XL:     5   Next: 86%
Magic:  7/7        EV: 11    Int: 14    God:
Gold:   187        SH:  0    Dex: 18    Spells: 4/4 levels left

rFire   . . .        Y - +0 shortbow
rCold   . . .        (shield currently unavailable)
rNeg    . . .        e - +0 ring mail
rPois   .            (no helmet)
rElec   .            (no cloak)
rCorr   .            (no gloves)
SInv    .            f - +0 pair of boots
Will    .....        g - amulet of regeneration
Stlth   +            (no ring)
HPRegen 1.05/turn    (no ring)
MPRegen 0.10/turn

%: no passive effects
@: lethally poisoned (-1 -> -2), about to teleport
A: no striking features
a: no special abilities


You were on level 3 of the Dungeon.
You visited 1 branch of the dungeon, and saw 3 of its levels.

You collected 187 gold pieces.


   Skills:
 - Level 2.0 Fighting
 + Level 9.0 Ranged Weapons
 - Level 3.0 Dodging
 - Level 1.2 Stealth


You had 4 spell levels left.
You didn't know any spells.
Your spell library was empty.

Inventory:

Hand Weapons
 Y - a +0 shortbow (weapon)
Armour
 e - a +0 ring mail (worn)
 f - a +0 pair of boots (worn)
 j - a +0 cloak
Jewellery
 c - a ring of protection from fire
 g - an amulet of regeneration (around neck)
Scrolls
 a - a scroll of noise {unknown}
 b - a scroll of identify
Potions
 d - a potion of curing {unknown}
 h - a potion of heal wounds {unknown}

Dungeon Overview and Level Annotations

Branches:
Dungeon (3/15)

Altars:
Uskayaw
Vehumet


Message History

The gnoll shouts! x2
A gnoll comes into view. It is wielding a +1 vampiric halberd.
The gnoll shouts!
You hear an angry hiss.
Enter note:
Enter note:
Enter note: You shoot an arrow.
The arrow hits the gnoll!
The gnoll is severely wounded.
You shoot an arrow. The arrow closely misses the gnoll.
You shoot an arrow. The arrow closely misses the gnoll.
An adder comes into view.
You shoot an arrow. The arrow hits the gnoll.
You kill the gnoll!
Your Fighting skill increases to level 2!
You shoot an arrow. The arrow closely misses the gnoll.
The arrow hits the gnoll.
The gnoll is lightly wounded.
The gnoll hits you from afar with a +1 vampiric halberd.
The gnoll draws strength from your wounds!
The gnoll hits you with a +0 club.
You shoot an arrow. The arrow hits the gnoll!
The gnoll is heavily wounded.
The gnoll closely misses you.
The gnoll hits you from afar with a +1 vampiric halberd.
You shoot an arrow. The arrow hits the gnoll.
The gnoll is almost dead.
The gnoll hits you from afar with a +1 vampiric halberd!
The gnoll hits you with a +0 club.
2084 ||| READING scroll of teleportation.
As you read the scroll of teleportation, it crumbles to dust.
You feel strangely unstable. The adder closely misses you.
The gnoll closely misses you. The gnoll hits you with a +0 club.
You shoot an arrow. The arrow hits the gnoll.
You kill the gnoll!
The adder bites you.
You are poisoned.
The adder poisons you!
The gnoll hits you from afar with a +1 vampiric halberd.
You die...

##########
#.....@).#
##.#####S..# #..#
.g.# #.## ...#
##.## ...#
##...####.....
##..............
#...........8?...
#### #...........


You could see a gnoll and an adder.

Vanquished Creatures
  Sigmund (D:2)
  2 gnolls (D:3)
  2 adders (D:2)
  A worm (D:2)
  2 dart slugs
  6 endoplasms
  3 giant cockroaches
  3 goblins (D:2)
  2 hobgoblins (D:1)
  4 jackals (D:2)
  6 ball pythons
  4 bats
  4 frilled lizards
  5 kobolds
  2 rats
47 creatures vanquished.

Notes
Turn   | Place    | Note
-------+----------+-------------------------------------------
     0 | D:1      | qw the Deep Elf Hunter began the quest for the Orb.
     0 | D:1      | Reached XP level 1. HP: 12/12 MP: 3/3
     0 | D:1      | 0 ||| qw: Version: 0.3-a-9-g12657ce
     0 | D:1      | 0 ||| qw: Game counter: 2099
     0 | D:1      | 0 ||| qw: Always use a shield: true
     0 | D:1      | 0 ||| qw: God list: Okawaru
     0 | D:1      | 0 ||| qw: Allow faded altars: false
     0 | D:1      | 0 ||| qw: Do Orc after D:15 true
     0 | D:1      | 0 ||| qw: Do second Lair branch before Depths: true
     0 | D:1      | 0 ||| qw: Lair rune preference: random
     0 | D:1      | 0 ||| qw: Plans: Normal
     0 | D:1      | 0 ||| PLANNING D:1-11
   416 | D:1      | 416 ||| DROPPING +0 sling of freezing.
   421 | D:1      | Reached XP level 2. HP: 16/16 MP: 4/4
   441 | D:1      | Reached skill level 6 in Ranged Weapons
   546 | D:1      | Found a faded altar of an unknown god.
   753 | D:1      | 753 ||| UPGRADING to amulet of regeneration.
   758 | D:1      | 758 ||| READING scroll labelled JEBEAFITZ.
   759 | D:1      | 759 ||| READING scroll labelled PEUNEN CEACUT.
   760 | D:1      | 760 ||| READING scroll labelled PUQENKYUWK.
   763 | D:1      | 763 ||| DROPPING scroll of butterflies.
   869 | D:2      | Reached XP level 3. HP: 20/20 MP: 5/5
   872 | D:2      | Noticed Sigmund
   873 | D:2      | 873 ||| FLEEEEING.
   874 | D:2      | 874 ||| FLEEEEING.
   875 | D:2      | 875 ||| FLEEEEING.
   876 | D:2      | 876 ||| FLEEEEING.
   877 | D:2      | 877 ||| FLEEEEING.
   878 | D:2      | 878 ||| FLEEEEING.
   896 | D:2      | Killed Sigmund
   897 | D:2      | Reached skill level 9 in Ranged Weapons
   897 | D:2      | Reached XP level 4. HP: 22/25 MP: 6/6
   897 | D:2      | Reached XP level 5. HP: 26/29 MP: 7/7
   979 | D:2      | Found a hide-covered altar of Uskayaw.
  1061 | D:2      | Found Utecvy's Weapon Shop.
  1216 | D:2      | Reached skill level 3 in Dodging
  1626 | D:2      | 1626 ||| UPGRADING to +0 ring mail.
  1636 | D:2      | 1636 ||| DROPPING +0 leather armour.
  1637 | D:2      | 1637 ||| UPGRADING to +0 pair of boots.
  1642 | D:2      | 1642 ||| DROPPING +6 ring of intelligence.
  1680 | D:3      | Found a radiant altar of Vehumet.
  2083 | D:3      | HP: 7/30 [gnoll/+1 vampiric halberd (12)]
  2084 | D:3      | 2084 ||| READING scroll of teleportation.
  2085 | D:3      | Slain by a gnoll

Levels and vault maps discovered:
D:1:      wander_arrival_chamber, layout_basic,
          dreamdust_ecumenical_altar_angels_and_demons
D:2:      layout_loops_corners, serial_shops, shop, basic_altar, uniq_sigmund
D:3:      layout_rooms, mainiacjoe_overflow_catwalk,
          kennysheep_decorative_pillar, grunt_ministairs_6, serial_bayou_pond_e,
          hangedman_glass_teeth, serial_park_tiny_pond

Skill      XL: |  1  2  3  4  5 |
---------------+----------------+-----
Ranged Weapons | 6 9 |  9.0
Dodging        | 3 |  3.0
Fighting       | 2 |  2.0
Stealth        | |  1.2

Action                     |  1- 3 |  4- 6 || total
---------------------------+-------+-------++-------
   Fire: Shortbow          |    52 |    90 ||   142
    Use: Scroll            |     3 |     1 ||     4
 Armour: Leather armour    |     4 |     5 ||     9
  Dodge: Dodged            |     6 |    14 ||    20

Table legend:
 A = Non-vault XP
 B = Vault XP
 C = Vault XP percentage of total XP
 D = Non-vault monster count
 E = Vault monster count
 F = Vault count percentage of total count
                 A         B        C        D         E       F
            +---------+---------+-------+---------+---------+-------
      Total |     102 |     268 |  72.4 |      44 |       3 |   6.4
            +---------+---------+-------+---------+---------+-------
        D:1 |      21 |       0 |   0.0 |      14 |       0 |   0.0
        D:2 |      73 |     239 |  76.6 |      27 |       1 |   3.6
        D:3 |       8 |      29 |  78.4 |       3 |       2 |  40.0
            +---------+---------+-------+---------+---------+-------
